 Dungeon Crawl Stone Soup version 0.30-a0-358-g0d69a1922f (webtiles) character file.

Game seed: 13009193162415045783

81 lunid the Shield-Bearer (level 4, 0/37 HPs)
             Began as a Formicid Fighter on Nov 11, 2022.
             Killed from afar by Ijyb (18 damage)
             ... with a bolt of dispelling energy
             ... on level 3 of the Dungeon.
             The game lasted 00:03:57 (2082 turns).

lunid the Shield-Bearer (Formicid Fighter)          Turns: 2082, Time: 00:03:58

Health: 0/37       AC:  8    Str: 21    XL:     4   Next: 67%
Magic:  0/4        EV:  9    Int:  7    God:
Gold:   121        SH:  5    Dex: 15    Spells: 3/3 levels left

rFire   . . .      SeeInvis +    a - +0 war axe
rCold   . . .      Faith    .    c - +0 buckler
rNeg    . . .      Spirit   +    b - +0 scale mail
rPois   .          Reflect  .    (helmet unavailable)
rElec   .          Harm     .    (no cloak)
rCorr   .          Rampage  .    (no gloves)
Will    .....                    m - +0 pair of boots
Stlth   ..........               g - amulet of guardian spirit
HPRegen 0.26/turn                (no ring)
MPRegen 0.09/turn                (no ring)

@: no status effects
A: permanent stasis, dig shafts and tunnels, antennae 3, four strong arms
a: Dig, Shaft Self


You were on level 3 of the Dungeon.
You visited 1 branch of the dungeon, and saw 3 of its levels.

You collected 121 gold pieces.

Inventory:

Hand Weapons
 a - a +0 war axe (weapon)
Missiles
 f - 39 stones
Armour
 b - a +0 scale mail (worn)
 c - a +0 buckler (worn)
 m - a +0 pair of boots (worn)
Jewellery
 g - an amulet of guardian spirit (around neck)
Scrolls
 j - 4 scrolls of identify {unknown}
 l - a scroll of torment {unknown}
 n - a scroll of immolation {unknown}
 o - 2 scrolls of teleportation {unknown}
 q - 4 scrolls of noise {unknown}
 s - a scroll of vulnerability {unknown}
 t - a scroll of enchant armour {unknown}
Potions
 d - a potion of might
 e - a potion of invisibility {unknown}
 h - a potion of brilliance {unknown}
 i - 2 potions of mutation {unknown}
 k - 2 potions of curing {unknown}
 p - a potion of attraction {unknown}
 r - a potion of heal wounds {unknown}
 u - a potion of cancellation {unknown}


   Skills:
 + Level 3.7 Fighting
 + Level 3.3 Axes
 + Level 3.7 Armour
 + Level 0.3 Dodging
 + Level 0.5 Stealth
 + Level 4.5 Shields


You had 3 spell levels left.
You didn't know any spells.
Your spell library contained the following spells:

 Spells                   Type           Power      Damage    Failure   Level
 Summon Small Mammal      Summ           0%         N/A       83%         1
 Call Canine Familiar     Summ           0%         N/A       99%         3
 Summon Guardian Golem    Hex/Summ       0%         N/A       99%         3
 Fireball                 Conj/Fire      0%         3d3       100%        5
 Iskenderun's Battlesphe  Conj           0%         2d6       100%        5
 Conjure Ball Lightning   Conj/Air       0%         3x3d6     100%        6
 Orb of Destruction       Conj           0%         9d5       100%        7


Dungeon Overview and Level Annotations

Branches:
Dungeon (3/15)

Altars:
Ru

Shops:
D:1 =:(((

Annotations:
D:3 Ijyb


Innate Abilities, Weirdness & Mutations

You cannot be hasted, slowed, berserked, paralysed or teleported.
You can dig through walls and to a lower floor.
You have a pair of large antennae on your head. (SInv)
Your four strong arms can wield two-handed weapons with a shield.


Message History

The goblin shouts!
Found 3 scrolls labelled QUUSEM MEZO.
The goblin hits you with a +0 club.
You barely miss the goblin. The goblin hits you but does no damage.
You closely miss the goblin. The goblin closely misses you.
You block the goblin's attack.
You slash the goblin!
You kill the goblin!
No target in view!
No target in view!
No target in view!
No target in view!
No target in view!
No target in view!
No target in view!
No target in view!
No target in view!
No target in view!
No target in view!
No target in view!
Found a chain mail.
Things that are here:
a +0 club; a goblin corpse
q - 4 scrolls labelled QUUSEM MEZO (gained 3) Ijyb the Twisted Goblin comes into view.
She is wielding a +0 dagger, wearing a +0 ring mail of fire resistance and carrying a wand of quicksilver (8).
Ijyb shouts!
You don't know any spells.
You don't know any spells.
Cleave: a) +0 war axe
Press: ? - help, Dir - move target, f - you
Okay, then.
You aren't carrying any items that you can evoke.
Ijyb screams, "I cut your head off!"
You closely miss Ijyb. Ijyb hits you with a +0 dagger.
Ijyb zaps a wand.
The bolt of dispelling energy misses you.
You hit Ijyb but do no damage. Ijyb hits you with a +0 dagger.
You hit Ijyb but do no damage.
Ijyb zaps a wand.
The bolt of dispelling energy hits you!
You closely miss Ijyb.
Ijyb zaps a wand.
The bolt of dispelling energy hits you!!
You die...

.###########.........
................... .#
.#####...#######.###.#.#
.....'..#..~~~..#.......
######.#..~...~..#.#.#..
# #.#...~._.~...#.....
######.#..~...~).#....
)....##.#..~~~..#g.#$.
####'##..#######@#.# #
#.....#..........# #
#.....#.#....#......+ #
#.....#.##.#........# #
#...).#....#......#.# #
#.....######.#......# #
#.....# #.#.######
###.....# #.#.#
..+.....# #+#.#


You could see Ijyb.

Vanquished Creatures
  2 adders
  A worm (D:3)
  A ball python (D:1)
  7 endoplasms
  A giant cockroach (D:2)
  7 goblins
  3 hobgoblins
  7 jackals
  3 quokkas
  6 bats
  3 frilled lizards
  4 kobolds
  10 rats
55 creatures vanquished.

Notes
Turn   | Place    | Note
-------+----------+-------------------------------------------
     0 | D:1      | lunid the Formicid Fighter began the quest for the Orb.
     0 | D:1      | Reached XP level 1. HP: 18/18 MP: 1/1
   131 | D:1      | Reached XP level 2. HP: 24/24 MP: 2/2
   308 | D:1      | Reached XP level 3. HP: 29/29 MP: 3/3
   457 | D:1      | Found Dyxzote's Jewellery Shop.
   555 | D:1      | Found Oneuv's Antique Weapon Boutique.
   593 | D:1      | Found Buyrawei's Weapon Shop.
   646 | D:1      | Found Pulutem's Antique Weapon Shop.
   652 | D:1      | Found Coteisk's Book Shoppe.
  1461 | D:2      | Reached XP level 4. HP: 35/37 MP: 4/4
  1959 | D:3      | Found a sacrificial altar of Ru.
  2075 | D:3      | Noticed Ijyb
  2082 | D:3      | Killed from afar by Ijyb

Illustrated notes

Levels and vault maps discovered:
D:1:      dpeg_arrival_rooms_with_view, layout_basic, serial_shops, shop,
          nicolae_shop_behind_doors, nicolae_shop_crystal, shop,
          nicolae_shop_temple_entry_statues_fountains
D:2:      layout_loops_corners, minmay_tromino_i2
D:3:      layout_basic, nicolae_ru_awakened_eye, lemuel_crystal_altar,
          uniq_grinder, uniq_robin, uniq_ijyb

Skill      XL: |  1  2  3 |
---------------+----------+-----
Axes           | 3 |  3.3
Fighting       | |  3.7
Armour         | |  3.7
Dodging        | |  0.3
Stealth        | |  0.5
Shields        | |  4.5

Action                   |  1- 3 |  4- 6 || total
-------------------------+-------+-------++-------
Melee: War axe           |    79 |    52 ||   131
Armor: Scale mail        |    45 |    21 ||    66
Dodge: Dodged            |    29 |    26 ||    55
Block: Buckler           |    16 |    15 ||    31

Table legend: (Time is in decaauts)
 A = Elapsed time spent in this place.
 B = Non-inter-level travel time spent in this place.
 C = Inter-level travel time spent in this place.
 D = Time resting spent in this place.
 E = Time spent auto-exploring this place.
 F = Levels seen in this place.
 G = Mean time per level.
                   A        B        C        D        E       F      G
               +--------+--------+--------+--------+--------+-----+--------+
         Total |   2132 |   2072 |     60 |      0 |   1689 |   3 |  710.7 |
       Dungeon |   2132 |   2072 |     60 |      0 |   1689 |   3 |  710.7 |
               +--------+--------+--------+--------+--------+-----+--------+

Top non-repeatable levels by time:
     D:1: 931 daAuts
     D:2: 880 daAuts
     D:3: 320 daAuts
